 Dungeon Crawl Stone Soup version 0.30-a0-347-gf58ed5266c (webtiles) character file.

Game seed: 6509276451859620039

10 MackTheKnife the Magician (level 2, 21/21 HPs)
             Began as an Armataur Hedge Wizard on Nov 4, 2022.
             Got out of the dungeon alive.
             The game lasted 00:02:04 (303 turns).

MackTheKnife the Magician (Armataur Hedge Wizard)    Turns: 303, Time: 00:02:04

Health: 21/21      AC:  4    Str: 15    XL:     2   Next: 10%
Magic:  6/6        EV:  9    Int: 14    God:
Gold:   9          SH:  0    Dex:  9    Spells: 4/7 levels left

rFire   . . .      SeeInvis .    a - +0 dagger
rCold   . . .      Faith    .    (no shield)
rNeg    . . .      Spirit   .    b - +0 robe
rPois   .          Reflect  .    c - +0 hat
rElec   .          Harm     .    (no cloak)
rCorr   .          Roll     +    (no gloves)
Will    .....                    (no barding)
Stlth   ++........               (no amulet)
HPRegen 0.23/turn                (no ring)
MPRegen 0.10/turn                (no ring)

@: no status effects
A: large, rugged brown scales 3, deformed body, armoured tail, roll, long
tongue, awkward tongue
a: no special abilities


You escaped.
You visited 1 branch of the dungeon, and saw 1 of its levels.

You collected 9 gold pieces.

Inventory:

Hand Weapons
 a - a +0 dagger (weapon)
Armour
 b - a +0 robe (worn)
 c - a +0 hat (worn)
Scrolls
 e - a scroll of summoning {unknown}
Potions
 d - a potion of magic
 f - a potion of might {unknown}


   Skills:
 - Level 1.3 Dodging
 - Level 2.1 Stealth
 + Level 3.0 Spellcasting
 - Level 1.4 Conjurations
 + Level 0.7 Summonings
 - Level 1.0 Translocations


You had 4 spell levels left.
You knew the following spells:

 Your Spells              Type           Power      Damage    Failure   Level
c - Call Imp              Summ           4%         N/A       24%         2
z - Magic Dart            Conj           24%        1d4       12%         1

Your spell library contained the following spells:

 Spells                   Type           Power      Damage    Failure   Level
 Slow                     Hex            8%         N/A       22%         1
 Blink                    Tloc           8%         N/A       22%         2
 Cigotuvi's Dreadful Rot  Necr/Pois/Air  4%         N/A       32%         2
 Mephitic Cloud           Conj/Pois/Air  3%         N/A       47%         3
 Kindle Blastsparks       Fire/Tloc/Air  6%         2d10      50%         3
 Ignite Poison            Fire/Tmut/Pois 2%         N/A       54%         3
 Freezing Cloud           Conj/Ice/Air   1%         6-21      99%         5


Dungeon Overview and Level Annotations

Branches:
Dungeon (1/15)

Altars:


Innate Abilities, Weirdness & Mutations

You are completely covered in rugged brown scales. (AC +3, +7% HP)
Armour fits poorly on your strangely shaped body.
You have a long armoured tail.
You roll when moving toward enemies. (Rampage)
Your long tongue fully drains potion bottles. (2x potion effects)
Your tongue gives you trouble enunciating. (1.5x scroll delay)


Message History

The magic dart hits the goblin.
The goblin shouts!
You now have 3/4 mp.
Aim: a goblin, wielding a +0 club (moderately wounded, 100% to hit)
You miscast Magic Dart.
You are very lightly contaminated with residual magic.
Nothing appears to happen.
A hobgoblin comes into view.
You now have 2/4 mp.
Aim: a goblin, wielding a +0 club (moderately wounded, 100% to hit)
The magic dart hits the goblin.
The hobgoblin shouts!
You now have 1/4 mp.
Aim: a goblin, wielding a +0 club (severely wounded, 100% to hit)
The magic dart hits the goblin.
You kill the goblin!
You now have 0/4 mp.
You don't have enough magic to cast this spell.
No target in view!
You don't know that spell.
Unknown command.
The hobgoblin hits you.
Your magical contamination has completely faded away.
You take 3 damage, and have 11/14 hp.
MASSIVE DAMAGE!!
You don't have enough magic to cast this spell.
Unknown command.
You hit the hobgoblin but do no damage. The hobgoblin hits you.
You take 4 damage, and have 7/14 hp.
MASSIVE DAMAGE!!
Aim: a hobgoblin (100% to hit)
The magic dart hits the hobgoblin.
The hobgoblin hits you.
You take 2 damage, and have 6/14 hp.
You now have 0/4 mp.
You barely miss the hobgoblin. The hobgoblin hits you.
* * * LOW HITPOINT WARNING * * *
You take 2 damage, and have 4/14 hp.
You barely miss the hobgoblin.
The hobgoblin hits you but does no damage.
The hobgoblin attacks as you move away! The hobgoblin barely misses you.
The hobgoblin attacks as you move away!
The hobgoblin hits you but does no damage.
The hobgoblin attacks as you move away!
The hobgoblin hits you but does no damage.
You see here a +0 dagger.
Aim: a hobgoblin (heavily wounded, 100% to hit)
The magic dart hits the hobgoblin.
You kill the hobgoblin!
You now have 0/4 mp.
You start resting.
Health restored: 14; MP restored: 4 A goblin comes into view.
It is wielding a +0 club.
The goblin shouts!
You see here an amethyst potion.
A goblin is nearby!
A goblin is nearby!
f - an amethyst potion
Aim: a goblin, wielding a +0 club (100% to hit)
The magic dart hits the goblin.
You now have 3/4 mp.
Aim: a goblin, wielding a +0 club (heavily wounded, 100% to hit)
The magic dart hits the goblin.
You kill the goblin!
An endoplasm comes into view.
You have reached level 2!
Health restored: 21 You now have 2/5 mp.
Aim: an endoplasm (wandering, hasn't noticed you, 100% to hit)
The magic dart hits the endoplasm.
The endoplasm quivers.
You now have 1/5 mp.
Aim: an endoplasm (almost dead, 100% to hit)
The magic dart hits the endoplasm.
You kill the endoplasm!
Your Spellcasting skill increases to level 3!
You now have 0/6 mp.
You start resting.
MP restored: 6 You pick up a Trismegistus Codex and begin reading...
You add the spells Kindle Blastsparks, Ignite Poison and Freezing Cloud to your library.
This spell is quite dangerous to cast!
Memorise Call Imp, consuming 2 spell levels and leaving 4?
You start memorising the spell.
You continue memorising. x2
You finish memorising.
Spell assigned to 'c'.
There are no items here.
Save game and exit?
Options error: Bad channel -- pray (HDAMessageColors.rc:30) Options error: Bad channel -- food (HDAMessageColors.rc:33) Options error: Bad channel -- rotten_meat (HDAMessageColors.rc:50) Options error: Bad object type '%}\|' for autopickup. (~/.crawlrc:663) Bad channel name for runrest: 'Jiyva says: Divide and consume' Welcome back, MackTheKnife the Armataur Hedge Wizard.
Okay, then.
Unknown command.
Save game and exit? [Y]es or [N]o only, please.
Save game and exit?
Okay, then.
There is a staircase leading out of the dungeon here.
Are you sure you want to leave the Dungeon?
This will make you lose the game!
You have escaped!

#.........## ..
##..........##..
######...............
..................### ..
..................###
...#######.............#
...................##..#
................)..###..
.##..#@#>##..##.### ##.
.... ##.###รท....#######
.# ### ##.##.#......
###>.#.....)
##.##)#......
#............
#..##.##....#
........##....#
..##..........#


There were no monsters in sight!

Vanquished Creatures
  An endoplasm (D:1)
  A hobgoblin (D:1)
  A kobold (D:1)
  A ball python (D:1)
  4 goblins (D:1)
  A rat (D:1)
9 creatures vanquished.

Notes
Turn   | Place    | Note
-------+----------+-------------------------------------------
     0 | D:1      | MackTheKnife the Armataur Hedge Wizard began the quest for
                  | the Orb.
     0 | D:1      | Reached XP level 1. HP: 14/14 MP: 4/4
    40 | D:1      | Reached skill level 1 in Conjurations
   217 | D:1      | Reached XP level 2. HP: 21/21 MP: 2/5
   219 | D:1      | Reached skill level 3 in Spellcasting
   285 | D:1      | Learned a level 2 spell: Call Imp
   285 | D:1      | Upgraded the game from 0.30-a0-341-g682706514a to
                  | 0.30-a0-347-gf58ed5266c
   303 | D:$      | Got out of the dungeon alive.

Illustrated notes

Levels and vault maps discovered:
D:1:      onia_arrival_handbag, layout_rooms, minmay_cut_off

Skill      XL: |  1  2 |
---------------+-------+-----
Conjurations   | 1 |  1.4
Spellcasting   | 3 |  3.0
Dodging        | |  1.3
Stealth        | |  2.1
Summonings     | |  0.7
Translocations | |  1.0

Action                   || total
-------------------------++-------
Melee: Dagger            ||    15
 Cast: Magic Dart        ||    16
Armor: Robe              ||    11
Dodge: Dodged            ||     7

Table legend: (Time is in decaauts)
 A = Elapsed time spent in this place.
 B = Non-inter-level travel time spent in this place.
 C = Inter-level travel time spent in this place.
 D = Time resting spent in this place.
 E = Time spent auto-exploring this place.
 F = Levels seen in this place.
 G = Mean time per level.
                   A        B        C        D        E       F      G
               +--------+--------+--------+--------+--------+-----+--------+
         Total |    303 |    286 |     17 |    129 |     78 |   1 |  303.0 |
       Dungeon |    303 |    286 |     17 |    129 |     78 |   1 |  303.0 |
               +--------+--------+--------+--------+--------+-----+--------+

Top non-repeatable levels by time:
     D:1: 303 daAuts

Table legend:
 A = Kills in this place as a percentage of kills in entire the game.
 B = Kills by you in this place as a percentage of kills by you in the entire game.
 C = Kills by friends in this place as a percentage of kills by friends in the entire game.
 D = Other kills in this place as a percentage of other kills in the entire game.
 E = Experience gained in this place as a percentage of experience gained in the entire game.
 F = Experience gained in this place divided by the number of levels of this place that you have seen.
                   A       B       C       D       E      F
               +-------+-------+-------+-------+-------+----------------------
         Total | 100.0 | 100.0 |   N/A |   N/A | 100.0 |  15.0
       Dungeon | 100.0 | 100.0 |   N/A |   N/A | 100.0 |  15.0
               +-------+-------+-------+-------+-------+----------------------
